 Dungeon Crawl Stone Soup version 0.24.0-13-gcf9b3192b9 (webtiles) character file.

Game seed: 14926320924259153147, levelgen mode: deterministic

184 Johnny the Slasher (level 5, -2/79 HPs)
             Began as a Troll Berserker on Nov 10, 2019.
             Was a Priest of Trog.
             Slain by a gnoll
             ... wielding a +0 spear
              (6 damage)
             ... on level 3 of the Dungeon.
             The game lasted 00:01:54 (1964 turns).

Johnny the Slasher (Troll Berserker)                Turns: 1964, Time: 00:01:54

Health: -2/79      AC:  6    Str: 33    XL:     5   Next: 36%
Magic:  4/4        EV: 10    Int:  3    God:    Trog [***...]
Gold:   172        SH:  0    Dex:  9    Spells: 4/4 levels left

rFire    . . .     SeeInvis .   a - +0 falchion
rCold    . . .     Gourm    +   (no shield)
rNeg     . . .     Faith    .   b - +0 animal skin
rPois    .         Spirit   .   (helmet restricted)
rElec    .         Reflect  .   (no cloak)
rCorr    .         Harm     .   (gloves unavailable)
MR       .....                  (boots unavailable)
Stlth    ..........             (no amulet)
HPRegen  0.63/turn              p - +2 ring of strength
MPRegen  0.09/turn              (no ring)

@: berserking, very quick
A: large, unfitting armour, claws 3, fast metabolism 3, gourmand, regeneration
1, shaggy fur 1, tough skin 3
a: Berserk, Trog's Hand, Renounce Religion


You were on level 3 of the Dungeon.
You worshipped Trog.
Trog was most pleased with you.
You were very full.

You visited 1 branch of the dungeon, and saw 3 of its levels.

You collected 172 gold pieces.

Inventory:

Hand Weapons
 a - a +0 falchion (weapon)
Armour
 b - a +0 animal skin (worn)
Jewellery
 e - an uncursed ring of ice
 p - a +2 ring of strength (left claw)
Scrolls
 d - 2 scrolls of magic mapping {unknown}
 f - 4 scrolls of amnesia {unknown}
 g - 4 scrolls of identify {unknown}
 h - a scroll of random uselessness {unknown}
 l - 4 scrolls of remove curse {unknown}
 m - 2 scrolls of fog {unknown}
 r - a scroll of teleportation {unknown}
 s - a scroll of fear {unknown}
Potions
 i - 2 potions of heal wounds {unknown}
 j - a potion of curing {unknown}
 k - a potion of degeneration {unknown}
 n - 2 potions of haste {unknown}
 o - 2 potions of flight {unknown}
 q - a potion of agility {unknown}
Comestibles
 c - 6 rations
 t - 3 chunks of flesh


   Skills:
 + Level 3.2 Fighting
 * Level 4.0 Long Blades
 + Level 3.2 Dodging


You had 4 spell levels left.
You didn't know any spells.
Your spell library was empty.

Dungeon Overview and Level Annotations

Branches:
Dungeon (3/15)

Altars:
Elyvilon


Innate Abilities, Weirdness & Mutations

You are too large for most types of armour.
You have claws for hands.
Your metabolism is lightning-fast.
You like to eat raw meat.
Your natural rate of healing is unusually fast.
You are covered in fur. (AC +1)
You have extremely tough skin. (AC +3)


Message History

The gnoll barely misses you.
You slash the gnoll!
You kill the gnoll!
Trog accepts your kill. The gnoll hits you!
* * * LOW HITPOINT WARNING * * *
The gnoll hits you from afar with a +0 spear.
* * * LOW HITPOINT WARNING * * *
Unknown command.
You slash the gnoll!
The gnoll is severely wounded.
The gnoll hits you.
* * * LOW HITPOINT WARNING * * *
Unknown command.
You slash the gnoll!
You kill the gnoll!
Trog accepts your kill.
Your Long Blades skill increases to level 4!
The gnoll hits you from afar with a +0 spear.
You die...

.....# ##.# .....#
#####.##### .#....
#.........#
###........#.....#.#
#..........((...#
.......#.⌠.⌠.#.#
............#
....#.....#.#
......._†@..#
...#....)#.#
.....$g...#
.!#.⌠.⌠.#.#
#.........#
#.#.....# #
#.....!.. ####.###


You could see a gnoll.

Vanquished Creatures
  An orc priest (D:3)
  3 gnolls (D:3)
  5 adders (D:2)
  2 worms (D:2)
  A dart slug (D:1)
  A leopard gecko (D:2)
  5 orcs (D:3)
  2 ball pythons
  9 bats
  3 giant cockroaches
  7 goblins
  6 hobgoblins
  7 jackals
  2 quokkas
  6 frilled lizards
  5 kobolds
  2 rats
67 creatures vanquished.

Notes
Turn   | Place    | Note
-------+----------+-------------------------------------------
     0 | D:1      | Johnny the Troll Berserker began the quest for the Orb.
     0 | D:1      | Reached XP level 1. HP: 22/22 MP: 0/0
   127 | D:1      | Reached XP level 2. HP: 29/29 MP: 1/1
   861 | D:2      | Reached skill level 3 in Long Blades
   861 | D:2      | Reached XP level 3. HP: 27/36 MP: 2/2
   902 | D:2      | Reached ** piety under Trog
  1187 | D:2      | Reached XP level 4. HP: 44/44 MP: 3/3
  1840 | D:3      | Reached *** piety under Trog
  1845 | D:3      | Reached XP level 5. HP: 53/53 MP: 4/4
  1946 | D:3      | Found a white marble altar of Elyvilon.
  1964 | D:3      | Reached skill level 4 in Long Blades
  1964 | D:3      | Slain by a gnoll

Levels and vault maps discovered:
D:1:      minmay_arrival_stair_chambers, layout_loops_ring
D:2:      layout_loops_ring, kennysheep_generic_room_4
D:3:      cheibrodos_pilgrimage, layout_rooms, elyvilon_altar_5

Skill      XL: |  1  2  3  4  5 |
---------------+----------------+-----
Long Blades    | 3 4 |  4.0
Fighting       | 3 |  3.2
Dodging        | 3 |  3.2

Action                   |  1- 3 |  4- 6 || total
-------------------------+-------+-------++-------
Melee: Falchion          |   133 |   121 ||   254
Invok: Berserk           |       |     2 ||     2
 Stab: Sleeping          |     1 |       ||     1
  Eat: Chunk             |    16 |     9 ||    25
Armor: Animal skin       |    81 |    71 ||   152
Dodge: Dodged            |    97 |    87 ||   184
       Rpst.: Falchion   |    25 |    30 ||    55
